AoeStats
← mayisupreme

Arena

508225289Analyzed
1v1 RM · 9d ago on Sep 21, 2026· 30m 50s· 2 players
Game mode
Random Map
Map size
Tiny (2 player)
Population
200
Speed
Normal
Resources
Standard
Victory
Conquest
Starting age
Dark Age
Ending age
Imperial Age
RankedLock teamsTeams togetherTeam positionsShared explorationLock speedFull tech treeHidden civsTurbo modeCheats
Victory
Defeat
🇹🇼 Franks · Taiwan
846
+14
🇹🇼 Sicilians · Taiwan
813
-14
mayisupreme
0:39 Loom
11:30 Feudal Age
12:05 Double-Bit Axe
14:18 Scale Mail Armor
15:36 Fletching
16:32 Scale Barding Armor
22:24 Castle Age
21:44 Scale Mail Armor
21:31 Arson
23:44 Chain Mail Armor
23:18 Gambesons
23:33 Squires
23:42 Pikeman
25:05 Bodkin Arrow
25:03 Horse Collar
29:56 Heavy Plow
ywb0401
11:06 Feudal Age
11:50 Loom
15:35 Castle Age
14:06 Double-Bit Axe
18:28 Fletching
23:04 Bodkin Arrow
29:25 Imperial Age
29:32 Imperial Age
27:33 Husbandry
28:02 Ballistics
30:19 Scale Barding Armor
30:25 Forging
31:19 Wheelbarrow
30:39 Arrowslits
31:55 Chemistry
31:08 Masonry
30:31 Cavalier
Connection lost

Rejoining the realm…

Still unreachable

The connection could not be restored.

Session expired

The server has moved on; the page needs a fresh start.